 Dungeon Crawl Stone Soup version 0.25.1-9-gc5326a611f (webtiles) character file.

Game seed: 9201332530648514802

117 pokeman the Magician (level 4, -4/25 HPs)
             Began as a Deep Elf Wizard on Dec 24, 2020.
             Killed by divine providence
             ... invoked by an orc priest
              (12 damage)
             ... on level 3 of the Dungeon.
             The game lasted 00:05:58 (3646 turns).

pokeman the Magician (Deep Elf Wizard)              Turns: 3646, Time: 00:05:58

Health: -4/25      AC:  1    Str:  2 (4)  XL:     4   Next: 71%
Magic:  1/13       EV: 11    Int: 24      God:
Gold:   177        SH:  0    Dex: 13      Spells: 3/14 levels left

rFire    . . .     SeeInvis .   q - +2 dagger (venom)
rCold    . . .     Gourm    .   (no shield)
rNeg     . . .     Faith    .   b - +0 leather armour
rPois    .         Spirit   .   i - +0 helmet
rElec    .         Reflect  .   (no cloak)
rCorr    .         Harm     .   t - +0 pair of gloves
MR       .....                  (no boots)
Stlth    ++........             (no amulet)
HPRegen  0.08/turn              k - ring of flight
MPRegen  0.13/turn              n - -4 ring of protection (curse)

@: very slightly contaminated
A: no striking features
a: Evoke Flight


You were on level 3 of the Dungeon.
You were not hungry.

You visited 1 branch of the dungeon, and saw 3 of its levels.

You collected 177 gold pieces.

Inventory:

Hand Weapons
 q - a +2 dagger of venom (weapon)
Missiles
 p - 21 bolts
Armour
 b - a +0 leather armour (worn)
 i - a +0 helmet (worn)
 t - a +0 pair of gloves (worn)
Jewellery
 k - a ring of flight (left hand)
 n - a cursed -4 ring of protection (right hand)
 u - a +6 ring of strength
Scrolls
 e - a scroll of random uselessness {unknown}
 f - 2 scrolls of fog {unknown}
 g - 2 scrolls of enchant weapon {unknown}
 h - 4 scrolls of identify {unknown}
 m - 4 scrolls of noise {unknown}
 o - 2 scrolls of remove curse {unknown}
 s - a scroll of immolation {unknown}
 w - a scroll of magic mapping {unknown}
Potions
 c - a potion of heal wounds
 j - 3 potions of curing {unknown}
 l - 3 potions of ambrosia {unknown}
 r - 2 potions of haste
 v - a potion of flight {unknown}
Comestibles
 d - 10 rations


   Skills:
 - Level 1.0 Fighting
 + Level 1.3 Armour
 + Level 2.9 Dodging
 - Level 2.4 Stealth
 * Level 5.8 Spellcasting
 + Level 2.4 Conjurations
 - Level 1.1 Summonings
 - Level 1.1 Translocations


You had 3 spell levels left.
You knew the following spells:

 Your Spells              Type           Power        Failure   Level  Hunger
a - Magic Dart            Conj           ###.         7%          1    None
b - Mephitic Cloud        Conj/Pois/Air  ##......     36%         3    #......
c - Call Imp              Summ           ##......     17%         2    None
d - Blink                 Tloc           N/A          17%         2    None
e - Conjure Flame         Conj/Fire      ##......     32%         3    #......

Your spell library contained the following spells:

 Spells                   Type           Power        Failure   Level  Hunger
 Slow                     Hex            #.......     26%         2    None


Dungeon Overview and Level Annotations

Branches:
Dungeon (3/15)

Altars:
Ashenzari
Cheibriados
Elyvilon


Message History

Casting: Mephitic Cloud (extremely dangerous; 36% risk of failure)
Confirm with . or Enter, or press ? or * to list all spells.
The spell is extremely dangerous to cast (36% risk of failure)!
Continue anyway?
Aiming: Mephitic Cloud (extremely dangerous; 36% risk of failure)
Press: ? - help, Shift-Dir - straight line, f/p - orc
Aim: an orc, wielding a +0 trident The ball explodes into a vile cloud!
The stinking cloud engulfs the orc but does no damage.
The stinking cloud engulfs the orc priest but does no damage.
The orc is engulfed in noxious fumes.
The orc appears confused.
The orc hits the orc priest with a +0 trident!
Unknown command.
Unknown command.
The orc is engulfed in noxious fumes.
The orc barely misses the orc priest.
The orc is engulfed in noxious fumes.
The orc appears confused.
You hit the orc.
The orc is poisoned.
The orc is heavily wounded.
The orc priest invokes the aid of Beogh against you.
Beogh smites you!
You die...

#.###'###.# o..
#.........# #o#
###.####.## #.# #.#
##.## #o# #.###...##
#.# ###........#####
#.# ...###.........#
#.#
##.###.........#####.#
#...##...#......@o°oo#
..........<###.#######
#...##...### #.#
##.###...#####.# ###
#..)......#
#.........#
#######.#######
#..............#
#.#.#.#..#####.#


You could see an orc priest and 2 orcs.

Vanquished Creatures
  An orc wizard (D:3)
  2 adders
  3 worms
  3 leopard geckos
  6 orcs (D:3)
  2 giant cockroaches
  9 hobgoblins
  A quokka (D:2)
  2 ball pythons
  6 bats
  3 frilled lizards
  6 goblins
  8 kobolds
  2 rats
54 creatures vanquished.

Notes
Turn   | Place    | Note
-------+----------+-------------------------------------------
     0 | D:1      | pokeman the Deep Elf Wizard began the quest for the Orb.
     0 | D:1      | Reached XP level 1. HP: 10/10 MP: 7/7
   407 | D:1      | Found a snail-covered altar of Cheibriados.
   411 | D:1      | Reached XP level 2. HP: 16/16 MP: 4/9
   927 | D:1      | Reached skill level 5 in Spellcasting
  1403 | D:2      | Reached XP level 3. HP: 20/20 MP: 9/11
  1408 | D:2      | Learned a level 3 spell: Mephitic Cloud
  1411 | D:2      | Learned a level 2 spell: Call Imp
  1414 | D:2      | Learned a level 2 spell: Blink
  1418 | D:2      | Learned a level 3 spell: Conjure Flame
  2049 | D:2      | Reached skill level 1 in Fighting
  2152 | D:2      | Reached skill level 1 in Armour
  2948 | D:3      | Reached XP level 4. HP: 25/25 MP: 3/13
  3497 | D:3      | Found a white marble altar of Elyvilon.
  3530 | D:3      | Found a shattered altar of Ashenzari.
  3646 | D:3      | Killed from afar by an orc priest

Illustrated notes

Levels and vault maps discovered:
D:1:      minmay_arrival_split_and_join, layout_basic, cheibriados_altar_1
D:2:      minmay_door_path, layout_basic
D:3:      layout_loops_corners, lemuel_doored_altar, overflow_temple_1_default,
          nicolae_overflow_hidden_temple

Skill      XL: |  1  2  3 |
---------------+----------+-----
Spellcasting   | 5 |  5.8
Fighting       | 1 |  1.0
Armour         | 1 |  1.3
Conjurations   | 2 |  2.4
Dodging        | |  2.9
Stealth        | |  2.4
Summonings     | |  1.1
Translocations | |  1.1

Action                   |  1- 3 |  4- 6 || total
-------------------------+-------+-------++-------
Melee: Dagger            |       |    10 ||    10
 Cast: Magic Dart        |   118 |    29 ||   147
       Mephitic Cloud    |       |     2 ||     2
  Use: Potion            |     2 |       ||     2
 Stab: Confused          |       |     2 ||     2
  Eat: Chunk             |     6 |     2 ||     8
Armor: Robe              |     1 |       ||     1
Dodge: Dodged            |    12 |    10 ||    22
